 Dungeon Crawl Stone Soup version 0.29.1-12-g30fa7ad0bf (webtiles) character file.

Game seed: 3800529598057010447

329 Radix the Grave Robber (level 6, -18/28 HPs)
             Began as a Vine Stalker Necromancer on Dec 30, 2022.
             Demolished by an ogre
             ... wielding a +0 giant spiked club
              (32 damage)
             ... on level 5 of the Dungeon.
             The game lasted 00:23:01 (4671 turns).

Radix the Grave Robber (Vine Stalker Necromancer)   Turns: 4671, Time: 00:23:01

Health: -18/28     AC: 10    Str: 10    XL:     6   Next: 51%
Magic:  0/14       EV: 11    Int: 17    God:
Gold:   228        SH:  0    Dex: 15    Spells: 7/15 levels left

rFire   . . .      SeeInvis .   d - +0 short sword
rCold   . . .      Faith    .   (no shield)
rNeg    . . .      Spirit   +   k - +3 leather armour
rPois   .          Reflect  .   c - +1 hat
rElec   .          Harm     .   p - scarf {repulsion}
rCorr   .          Rampage  .   (no gloves)
Will    +....                   o - +2 pair of boots
Stlth   ++........              (no amulet)
HPRegen 0.89/turn               f - ring of willpower
MPRegen 0.14/turn               q - ring of wizardry

@: animating dead, repel missiles
A: fangs 2, regeneration 1, magic shield, antimagic bite, no potion heal 2
a: no special abilities


You were on level 5 of the Dungeon.
You visited 1 branch of the dungeon, and saw 5 of its levels.

You collected 228 gold pieces.

Inventory:

Hand Weapons
 d - a +0 short sword (weapon)
 n - a +0 sling
Armour
 a - a +0 robe
 c - a +1 hat (worn)
 k - a +3 leather armour (worn)
 o - a +2 pair of boots (worn)
 p - a scarf of repulsion (worn)
Magical Staves
 r - a staff of fire
Jewellery
 f - a ring of willpower (left hand)
 q - a ring of wizardry (right hand)
 u - a ring of positive energy
Scrolls
 e - a scroll of teleportation {unknown}
 g - a scroll of immolation {unknown}
 i - 2 scrolls of noise {unknown}
 l - 5 scrolls of identify {unknown}
 s - a scroll of silence {unknown}
 t - a scroll of poison {unknown}
Potions
 b - 2 potions of magic
 h - 2 potions of attraction {unknown}
 j - a potion of mutation {unknown}
 m - 3 potions of flight {unknown}


   Skills:
 - Level 1.5 Dodging
 - Level 2.4 Stealth
 + Level 5.0 Spellcasting
 + Level 6.0 Necromancy


You had 7 spell levels left.
You knew the following spells:

 Your Spells              Type           Power      Damage    Failure   Level
a - Necrotise             Necr           96%        1d8       1%          1
b - Vampiric Draining     Necr           24%        2d7       1%          3
c - Animate Dead          Necr           24%        N/A       6%          4

Your spell library contained the following spells:

 Spells                   Type           Power      Damage    Failure   Level
 Freeze                   Ice            16%        1d4       8%          1
 Agony                    Necr           24%        N/A       17%         5
 Frozen Ramparts          Ice            8%         1d2       22%         3
 Hailstorm                Conj/Ice       4%         3d4       56%         4


Dungeon Overview and Level Annotations

Branches:
Dungeon (5/15)
 Temple: D:4-7

Altars:
Cheibriados
Okawaru
Qazlal
Sif Muna
Zin

Shops:
D:4 *

Annotations:
D:3 1 runed translucent door, Crazy Yiuf
D:4 2 runed translucent doors, cheesebisquit's ghost, novice MiBe


Innate Abilities, Weirdness & Mutations

You have extremely sharp teeth.
Your natural rate of healing is unusually fast.
When hurt, damage is shared between your health and your magic reserves.
Your bite disrupts and absorbs the magic of your enemies.
Potions cannot restore your health.


Message History

Aiming: Necrotise (safe; 1% risk of failure)
Press: ? - help, Shift-Dir - straight line, f/p - ogre
Aim: an ogre, wielding a +0 giant spiked club (lightly wounded, chance to affect: 83%)
The ogre writhes in agony.
The jackal bites you. The ogre barely misses you.
The jackal bites you but does no damage.
Casting: Necrotise (safe; 1% risk of failure)
Confirm with . or Enter, or press ? or * to list all spells.
Aiming: Vampiric Draining (safe; 1% risk of failure)
Press: ? - help, Shift-Dir - straight line, f/p - ogre
Aim: an ogre, wielding a +0 giant spiked club (moderately wounded)
You draw life force from the ogre!
You feel life coursing into your body. The jackal barely misses you.
The ogre hits you with a +0 giant spiked club!!
Ouch! That really hurt!
Casting: Vampiric Draining (safe; 1% risk of failure)
Confirm with . or Enter, or press ? or * to list all spells.
You don't have enough magic to cast this spell.
Casting: Vampiric Draining (safe; 1% risk of failure)
Confirm with . or Enter, or press ? or * to list all spells.
Aiming: Necrotise (safe; 1% risk of failure)
Press: ? - help, Shift-Dir - straight line, f/p - ogre
Aim: an ogre, wielding a +0 giant spiked club (heavily wounded, chance to affect: 83%)
The ogre writhes in agony.
The jackal closely misses you.
Casting: Necrotise (safe; 1% risk of failure)
Confirm with . or Enter, or press ? or * to list all spells.
Aiming: Necrotise (safe; 1% risk of failure)
Press: ? - help, Shift-Dir - straight line, f/p - ogre
Aim: an ogre, wielding a +0 giant spiked club (severely wounded, chance to affect: 83%)
The ogre writhes in agony.
The jackal barely misses you. The ogre closely misses you.
The jackal bites you but does no damage.
You completely miss the ogre. You bite the ogre, but do no damage.
The ogre is almost dead.
The jackal barely misses you. The ogre barely misses you.
You hit the ogre but do no damage.
The ogre is almost dead.
The jackal bites you. The jackal barely misses you.
The ogre hits you with a +0 giant spiked club!!
Ouch! That really hurt!
You die...

... ## ##. ... #. ..
.... ## # . .#.)...
#.#. .#.#.....
####.#######........
#............O......
#.#..##.^##.@h..#
#####.#.#..........#.#
>.....#.#.#..###..##
.......#..#..# #...#
...####.###..# #.##.#
...# #.# #... ..# ##
...# #.# #.####.# ..##
#.# #.# #.# ..## #.#
#.# .#


You could see an ogre and a jackal.

Vanquished Creatures
  An ice beast (D:5)
  An ogre (D:5)
  A hound (D:5)
  3 adders
  A shadow imp (D:5)
  3 worms
  A dart slug (D:2)
  2 orcs
  12 ball pythons
  3 bats
  3 endoplasms
  3 giant cockroaches
  5 goblins
  7 hobgoblins
  4 jackals
  5 quokkas
  3 frilled lizards
  7 kobolds
  7 rats
72 creatures vanquished.

Vanquished Creatures (collateral kills)
  An endoplasm (D:3)
  A goblin (D:2)
  A kobold (D:2)
  A ball python (D:1)
  2 rats
6 creatures vanquished.

Vanquished Creatures (others)
  An ogre zombie (D:5)
1 creature vanquished.

Grand Total: 79 creatures vanquished

Notes
Turn   | Place    | Note
-------+----------+-------------------------------------------
     0 | D:1      | Radix the Vine Stalker Necromancer began the quest for the
                  | Orb.
     0 | D:1      | Reached XP level 1. HP: 9/9 MP: 4/4
   227 | D:1      | Reached XP level 2. HP: 13/13 MP: 2/6
   943 | D:1      | Reached XP level 3. HP: 16/16 MP: 5/8
  1303 | D:1      | Learned a level 3 spell: Vampiric Draining
  1853 | D:2      | Gained mutation: Your natural rate of healing is unusually
                  | fast. [Vine Stalker growth]
  1853 | D:2      | Reached XP level 4. HP: 21/21 MP: 3/10
  2234 | D:3      | Found a glowing silver altar of Zin.
  2375 | D:3      | Found an iron altar of Okawaru.
  2514 | D:3      | Found a snail-covered altar of Cheibriados.
  2533 | D:3      | Found a stormy altar of Qazlal.
  3170 | D:3      | Found a runed translucent door.
  3171 | D:3      | Noticed Crazy Yiuf
  3280 | D:3      | Found a shimmering blue altar of Sif Muna.
  3456 | D:4      | Reached skill level 5 in Necromancy
  3634 | D:4      | Found a runed translucent door.
  3636 | D:4      | Noticed cheesebisquit's ghost (novice MiBe)
  3643 | D:4      | Learned a level 4 spell: Animate Dead
  3702 | D:4      | Found Wapecyif's General Store.
  3851 | D:4      | Found a runed translucent door.
  4130 | D:5      | Entered Level 5 of the Dungeon
  4182 | D:5      | Reached XP level 5. HP: 24/24 MP: 2/12
  4365 | D:5      | Noticed an ogre
  4377 | D:5      | Killed an ogre
  4378 | D:5      | Reached XP level 6. HP: 28/28 MP: 2/13
  4478 | D:5      | Noticed an ice beast
  4502 | D:5      | Killed an ice beast
  4503 | D:5      | Reached skill level 5 in Spellcasting
  4503 | D:5      | Reached skill level 6 in Necromancy
  4671 | D:5      | Demolished by an ogre

Illustrated notes

Levels and vault maps discovered:
D:1:      zaba_arrival_water, layout_basic, minmay_close_crescents
D:2:      layout_loops_ring, grunt_decor_resistance, minmay_surrounded
D:3:      layout_loops_corners, mainiacjoe_overflow_paths,
          nicolae_overflow_quartered_altars, uniq_crazy_yiuf_cottage
D:4:      layout_rooms, ebering_ghost_sewer_f, serial_shops,
          nicolae_take_the_stairs
D:5:      layout_loops_ring, nicolae_gozag_cash_rules_everything_around_me

Skill      XL: |  1  2  3  4  5  6 |
---------------+-------------------+-----
Spellcasting   | 3 4 5 |  5.0
Necromancy     | 5 6 |  6.0
Dodging        | |  1.5
Stealth        | |  2.4

Action                   |  1- 3 |  4- 6 || total
-------------------------+-------+-------++-------
Melee: Short sword       |    10 |    27 ||    37
       Bite              |     2 |     8 ||    10
       Punch             |       |     1 ||     1
 Fire: Sling             |       |     3 ||     3
 Cast: Necrotise         |    74 |    85 ||   159
       Animate Dead      |       |     3 ||     3
       Vampiric Draining |       |     4 ||     4
Armor: Leather armour    |    18 |    33 ||    51
       Robe              |     1 |       ||     1
Dodge: Dodged            |    22 |    33 ||    55
